3L
BROOKLYN DODGERS @ ROCKY MOUNTAIN NUGGETS
08/15/2026
 
TOP OF THE 1ST
Brooklyn Dodgers batting - Pitching for Rocky Mountain Nuggets : RHP Nathaniel Riley
Pitching: RHP Nathaniel Riley
Batting: RHB Josh Stafford 0-0: Fly out, F4 (Line Drive, 4)
Batting: RHB Oliver Aranda 0-0: Called Strike
0-1: Foul Ball, location: 2F
0-2: Strikes out swinging
Batting: RHB Gustavo Mateo 0-0: Ball
1-0: SINGLE (Line Drive, 6MD)
Batting: LHB Avon Barksdale 0-0: Ball
1-0: Swinging Strike
1-1: Called Strike
1-2: Strikes out swinging
Top of the 1st over - 0 run(s), 1 hit(s), 0 error(s), 1 left on base; Brooklyn 0 - Rocky Mountain 0
BOTTOM OF THE 1ST
Rocky Mountain Nuggets batting - Pitching for Brooklyn Dodgers : RHP John Kaufman
Pitching: RHP John Kaufman
Batting: RHB Andrés Rodríguez 0-0: Foul Ball, location: 2F
0-1: Foul Ball, location: 2F
0-2: Strikes out swinging
Batting: RHB Iván Vega 0-0: Ball
1-0: Foul Ball, location: 2F
1-1: Called Strike
1-2: Ball
2-2: Fly out, F9 (Flyball, 9D)
Batting: LHB Javier Sánchez 0-0: Foul Ball, location: 2F
0-1: Ground out 4-3 (Groundball, 4M)
Bottom of the 1st over - 0 run(s), 0 hit(s), 0 error(s), 0 left on base; Brooklyn 0 - Rocky Mountain 0
TOP OF THE 2ND
Brooklyn Dodgers batting - Pitching for Rocky Mountain Nuggets : RHP Nathaniel Riley
Batting: LHB Ron Bascombe 0-0: Swinging Strike
0-1: Foul Ball, location: 2F
0-2: Strikes out looking
Batting: SHB Leonard O'Connor 0-0: Ball
1-0: Ball
2-0: Foul Ball, location: 2F
2-1: Foul Ball, location: 2F
2-2: Ball
3-2: Ground out 4-3 (Groundball, 4)
Batting: RHB Tony Justice 0-0: Fly out, F9 (Flyball, 9S)
Top of the 2nd over - 0 run(s), 0 hit(s), 0 error(s), 0 left on base; Brooklyn 0 - Rocky Mountain 0
BOTTOM OF THE 2ND
Rocky Mountain Nuggets batting - Pitching for Brooklyn Dodgers : RHP John Kaufman
Batting: LHB Neil Lawson 0-0: SOLO HOME RUN (Flyball, 9D), Distance : 376 ft
Batting: RHB Wes Shannon 0-0: SINGLE (Groundball, 34) (infield hit)
Batting: RHB Gary Chalmers 0-0: Ball
1-0: Fly out, F8 (Flyball, 8RM)
Batting: LHB Chia-ch'ing Dodman 0-0: Foul Ball, location: 2F
0-1: Foul Ball, location: 2F
0-2: Ball
1-2: Ball
2-2: Foul Ball, location: 2F
2-2: Foul Ball, location: 2F
2-2: Ball
3-2: Foul Ball, location: 2F
3-2: Base on Balls
Wes Shannon to second
Batting: RHB Mark Melton 0-0: Ball
1-0: Called Strike
1-1: Swinging Strike
1-2: Strikes out swinging
Batting: LHB Randy Bowen 0-0: Called Strike
0-1: Fielders Choice at 2nd, 6-4 (Groundball, 6)
Bottom of the 2nd over - 1 run(s), 2 hit(s), 0 error(s), 1 left on base; Brooklyn 0 - Rocky Mountain 1
TOP OF THE 3RD
Brooklyn Dodgers batting - Pitching for Rocky Mountain Nuggets : RHP Nathaniel Riley
Batting: LHB Kelly Brown 0-0: Called Strike
0-1: Ball
1-1: Ground out 1-3 (Groundball, 13S)
Batting: RHB Vincent Crane 0-0: Ball
1-0: Called Strike
1-1: Swinging Strike
1-2: Strikes out looking
Batting: RHB Josh Stafford 0-0: Ground out 1-3 (Groundball, 13S)
Top of the 3rd over - 0 run(s), 0 hit(s), 0 error(s), 0 left on base; Brooklyn 0 - Rocky Mountain 1
BOTTOM OF THE 3RD
Rocky Mountain Nuggets batting - Pitching for Brooklyn Dodgers : RHP John Kaufman
Batting: RHB Andrés Rodríguez 0-0: Foul Ball, location: 2F
0-1: Reached on error, E6 (Groundball, 56)
Batting: RHB Iván Vega 0-0: SINGLE (Groundball, 56D)
Andrés Rodríguez to second
Batting: LHB Javier Sánchez 0-0: SINGLE (Line Drive, 6MD)
Andrés Rodríguez to third
Iván Vega to second
Batting: LHB Neil Lawson 0-0: SINGLE (Flyball, 9LS)
Andrés Rodríguez scores
Iván Vega to third
Javier Sánchez to second
Runner from 3rd tries for Home, SAFE, no throw
Batting: RHB Wes Shannon 0-0: Foul Ball, location: 2F
0-1: Ball
1-1: Ball
2-1: Ball
3-1: Base on Balls
Javier Sánchez to third
Neil Lawson to second
Batting: RHB Gary Chalmers 0-0: Ball
1-0: DOUBLE (Flyball, 89D)
Javier Sánchez scores
Neil Lawson scores
Wes Shannon to third
Batting: LHB Chia-ch'ing Dodman 0-0: Swinging Strike
0-1: Ground out 4-3 (Groundball, 4)
Wes Shannon scores
Gary Chalmers to third
Batting: RHB Mark Melton 0-0: Called Strike
0-1: Ball
1-1: Called Strike
1-2: Foul Ball, location: 2F
1-2: Ball
2-2: Ground out 6-3 (Groundball, 6)
Gary Chalmers scores
Batting: LHB Randy Bowen 0-0: Ball
1-0: Ball
2-0: Fly out, F7 (Flyball, 7LS)
Bottom of the 3rd over - 6 run(s), 4 hit(s), 1 error(s), 0 left on base; Brooklyn 0 - Rocky Mountain 7
TOP OF THE 4TH
Brooklyn Dodgers batting - Pitching for Rocky Mountain Nuggets : RHP Nathaniel Riley
Batting: RHB Oliver Aranda 0-0: Ball
1-0: Reached on error, E4 (Groundball, 4S)
Batting: RHB Gustavo Mateo 0-0: Ball
1-0: Foul Ball, location: 2F
1-1: SINGLE (Groundball, 6MD)
Oliver Aranda to third
Batting: LHB Avon Barksdale 0-0: Ball
1-0: Ball
2-0: Foul Ball, location: 2F
2-1: Foul Ball, location: 2F
2-2: Strikes out swinging
Batting: LHB Ron Bascombe 0-0: Ball
1-0: Called Strike
1-1: Ball
2-1: Foul Ball, location: 2F
2-2: Grounds into double play, 1-4-3 (Groundball, 15S)
Top of the 4th over - 0 run(s), 1 hit(s), 1 error(s), 1 left on base; Brooklyn 0 - Rocky Mountain 7
BOTTOM OF THE 4TH
Rocky Mountain Nuggets batting - Pitching for Brooklyn Dodgers : RHP John Kaufman
Batting: RHB Andrés Rodríguez 0-0: Foul Ball, location: 2F
0-1: Called Strike
0-2: Ball
1-2: Ball
2-2: Ball
3-2: SINGLE (Line Drive, 56)
Batting: RHB Iván Vega 0-0: Ball
1-0: Ball
2-0: Called Strike
Andrés Rodríguez steals 2nd base
2-1: Ball
3-1: Foul Ball, location: 2F
3-2: Fly out, F7 (Flyball, 78M)
Batting: LHB Javier Sánchez 0-0: Called Strike
0-1: Called Strike
0-2: SINGLE (Flyball, 9S)
Andrés Rodríguez to third
Runner from 3rd tries for Home, SAFE, no throw
Pitching: RHP Jimmy Whittier
Batting: LHB Neil Lawson 0-0: Foul Ball, location: 2F
0-1: Ball
1-1: Called Strike
1-2: Foul Ball, location: 2F
1-2: Ball
2-2: Strikes out swinging
Batting: RHB Wes Shannon 0-0: Called Strike
0-1: SINGLE (Line Drive, 78S)
Javier Sánchez to second
Batting: RHB Gary Chalmers 0-0: Fly out, F9 (Flyball, 89D)
Bottom of the 4th over - 1 run(s), 3 hit(s), 0 error(s), 2 left on base; Brooklyn 0 - Rocky Mountain 8
TOP OF THE 5TH
Brooklyn Dodgers batting - Pitching for Rocky Mountain Nuggets : RHP Nathaniel Riley
Batting: SHB Leonard O'Connor 0-0: Called Strike
0-1: Ground out U3 (Groundball, 3)
Batting: RHB Tony Justice 0-0: Ball
1-0: Ball
2-0: Called Strike
2-1: SINGLE (Groundball, 56D)
Batting: LHB Kelly Brown Pickoff Throw to First - Out!
0-0: Ball
1-0: Foul Ball, location: 2F
1-1: Fly out, F7 (Flyball, 78S)
Top of the 5th over - 0 run(s), 1 hit(s), 0 error(s), 0 left on base; Brooklyn 0 - Rocky Mountain 8
BOTTOM OF THE 5TH
Rocky Mountain Nuggets batting - Pitching for Brooklyn Dodgers : RHP Jimmy Whittier
Batting: LHB Chia-ch'ing Dodman 0-0: Ball
1-0: Called Strike
1-1: Ground out 4-3 (Groundball, 4)
Batting: RHB Mark Melton 0-0: Ball
1-0: Ball
2-0: Ball
3-0: Called Strike
3-1: Base on Balls
Batting: LHB Randy Bowen 0-0: Called Strike
0-1: Foul Ball, location: 2F
0-2: Ball
1-2: Ground out 5-3 (Groundball, 5S)
Mark Melton to second
Batting: RHB Andrés Rodríguez 0-0: Ball
1-0: Ball
2-0: Called Strike
2-1: Fly out, F9 (Flyball, 9S)
Bottom of the 5th over - 0 run(s), 0 hit(s), 0 error(s), 1 left on base; Brooklyn 0 - Rocky Mountain 8
TOP OF THE 6TH
Brooklyn Dodgers batting - Pitching for Rocky Mountain Nuggets : RHP Nathaniel Riley
Batting: RHB Vincent Crane 0-0: DOUBLE (Line Drive, 7LM)
Batting: RHB Josh Stafford 0-0: Called Strike
0-1: Ball
1-1: Ball
2-1: Foul Ball, location: 2F
2-2: Reached on error, E5 (Groundball, 5L)
Vincent Crane to third
Batting: RHB Oliver Aranda 0-0: Ball
1-0: Called Strike
1-1: Called Strike
1-2: Ball
2-2: Ball
3-2: Base on Balls
Josh Stafford to second
Batting: RHB Gustavo Mateo 0-0: Ball
1-0: Called Strike
1-1: Foul Ball, location: 2F
1-2: Foul Ball, location: 2F
1-2: Foul Ball, location: 2F
1-2: Ball
2-2: SINGLE (Line Drive, 89S)
Vincent Crane scores
Josh Stafford to third
Oliver Aranda to second
Batting: LHB Avon Barksdale 0-0: Called Strike
0-1: Ball
1-1: Foul Ball, location: 2F
1-2: GRAND SLAM HOME RUN (Flyball, 9D), Distance : 391 ft
Batting: LHB Ron Bascombe 0-0: Swinging Strike
0-1: Called Strike
0-2: Fly out, F6 (Popup, 56)
Batting: SHB Leonard O'Connor 0-0: Fly out, F7 (Flyball, 7LS)
Batting: RHB Tony Justice 0-0: Ball
1-0: Ball
2-0: Foul Ball, location: 2F
2-1: Foul Ball, location: 2F
2-2: SINGLE (Groundball, 5D)
Batting: LHB Kelly Brown 0-0: Swinging Strike
0-1: Ball
1-1: Ball
2-1: Ball
3-1: Called Strike
3-2: Reached on error, E3 (Groundball, 3)
Tony Justice to second
Batting: RHB Vincent Crane 0-0: DOUBLE (Line Drive, 89D)
Tony Justice scores
Kelly Brown to third
Batting: RHB Josh Stafford 0-0: Ball
1-0: Foul Ball, location: 2F
1-1: Ball
2-1: Called Strike
2-2: Foul Ball, location: 2F
2-2: Ball
3-2: Ground out 5-3 (Groundball, 56)
Top of the 6th over - 6 run(s), 5 hit(s), 2 error(s), 2 left on base; Brooklyn 6 - Rocky Mountain 8
BOTTOM OF THE 6TH
Rocky Mountain Nuggets batting - Pitching for Brooklyn Dodgers : RHP Jimmy Whittier
Batting: RHB Iván Vega 0-0: Called Strike
0-1: Ball
1-1: Ball
2-1: Called Strike
2-2: Foul Ball, location: 2F
2-2: SOLO HOME RUN (Flyball, 78XD), Distance : 451 ft
Batting: LHB Javier Sánchez 0-0: Ball
1-0: Called Strike
1-1: SOLO HOME RUN (Flyball, 9LD), Distance : 416 ft
Batting: LHB Neil Lawson 0-0: Ball
1-0: Called Strike
1-1: Ball
2-1: Swinging Strike
2-2: Foul Ball, location: 2F
2-2: Ball
3-2: Base on Balls
Batting: RHB Wes Shannon 0-0: SINGLE (Flyball, 9S)
Neil Lawson to second
Runner from 2nd tries for 3rd, SAFE, no throw
Batting: RHB Gary Chalmers 0-0: SINGLE (Flyball, 8LS)
Neil Lawson scores
Wes Shannon to second
Runner from 2nd tries for 3rd, SAFE, throw made to third
Pitching: LHP Lorenzo Sánchez
Batting: LHB Chia-ch'ing Dodman 0-0: Called Strike
0-1: Ball
1-1: Ball
2-1: Foul Ball, location: 2F
2-2: Foul Ball, location: 2F
2-2: Fly out, F9 (Flyball, 9S)
Batting: RHB Mark Melton 0-0: Ball
1-0: Fly out, F8 (Flyball, 8LM)
Batting: LHB Randy Bowen 0-0: Called Strike
0-1: Ball
1-1: Called Strike
1-2: Strikes out swinging
Bottom of the 6th over - 3 run(s), 4 hit(s), 0 error(s), 2 left on base; Brooklyn 6 - Rocky Mountain 11
TOP OF THE 7TH
Brooklyn Dodgers batting - Pitching for Rocky Mountain Nuggets : RHP Nathaniel Riley
Batting: RHB Oliver Aranda 0-0: Fly out, F8 (Flyball, 89S)
Batting: RHB Gustavo Mateo 0-0: Called Strike
0-1: Called Strike
0-2: Ground out 1-3 (Groundball, 15S)
Pitching: RHP Cipriano Costa
Batting: LHB Avon Barksdale 0-0: Ball
1-0: SOLO HOME RUN (Line Drive, 9D), Distance : 383 ft
Batting: LHB Ron Bascombe 0-0: Ball
1-0: Called Strike
1-1: Called Strike
1-2: Ball
2-2: Strikes out swinging
Top of the 7th over - 1 run(s), 1 hit(s), 0 error(s), 0 left on base; Brooklyn 7 - Rocky Mountain 11
BOTTOM OF THE 7TH
Rocky Mountain Nuggets batting - Pitching for Brooklyn Dodgers : LHP Lorenzo Sánchez
Batting: RHB Andrés Rodríguez 0-0: Called Strike
0-1: Foul Ball, location: 2F
0-2: Ball
1-2: Ground out 6-3 (Groundball, 56D)
Batting: RHB Iván Vega 0-0: Called Strike
0-1: Swinging Strike
0-2: Ball
1-2: Ball
2-2: Foul Ball, location: 2F
2-2: Foul Ball, location: 2F
2-2: TRIPLE (Line Drive, 7LM)
Batting: LHB Javier Sánchez 0-0: Intentional Walk
Batting: LHB Neil Lawson 0-0: Called Strike
0-1: Ball
1-1: Ball
2-1: Called Strike
2-2: Ball
3-2: Foul Ball, location: 2F
3-2: Base on Balls
Javier Sánchez to second
Batting: RHB Wes Shannon 0-0: Ball
1-0: Foul Ball, location: 2F
1-1: Ball
2-1: Foul Ball, location: 2F
2-2: Strikes out swinging
Batting: RHB Gary Chalmers 0-0: Ball
1-0: Ball
2-0: Ball
3-0: Called Strike
3-1: SINGLE (Line Drive, 6D)
Iván Vega scores
Javier Sánchez to third
Neil Lawson to second
Batting: LHB Chia-ch'ing Dodman 0-0: Called Strike
0-1: Fielders Choice at 2nd, 4-6 (Groundball, 4)
Bottom of the 7th over - 1 run(s), 2 hit(s), 0 error(s), 2 left on base; Brooklyn 7 - Rocky Mountain 12
TOP OF THE 8TH
Brooklyn Dodgers batting - Pitching for Rocky Mountain Nuggets : RHP Cipriano Costa
Batting: SHB Leonard O'Connor 0-0: Ball
1-0: Ball
2-0: Ball
3-0: Base on Balls
Batting: RHB Tony Justice 0-0: Ball
1-0: Called Strike
1-1: Ground out U3 (Groundball, 34S)
Leonard O'Connor to second
Batting: LHB Kelly Brown 0-0: Ground out U3 (Groundball, 3)
Leonard O'Connor to third
Batting: RHB Vincent Crane 0-0: Ball
1-0: Called Strike
1-1: Swinging Strike
1-2: Ball
2-2: Foul Ball, location: 2F
2-2: Foul Ball, location: 2F
2-2: Foul Ball, location: 2F
2-2: Foul Ball, location: 2F
2-2: Fly out, F9 (Line Drive, 9S)
Top of the 8th over - 0 run(s), 0 hit(s), 0 error(s), 1 left on base; Brooklyn 7 - Rocky Mountain 12
BOTTOM OF THE 8TH
Rocky Mountain Nuggets batting - Pitching for Brooklyn Dodgers : LHP Lorenzo Sánchez
Batting: RHB Mark Melton 0-0: Ball
1-0: Ball
2-0: Ball
3-0: Base on Balls
Batting: LHB Randy Bowen 0-0: Called Strike
0-1: Ball
1-1: Foul Ball, location: 2F
1-2: DOUBLE (Line Drive, 8LD)
Mark Melton to third
Batting: RHB Andrés Rodríguez 0-0: Ball
1-0: Fly out, F7 (Line Drive, 7)
Runner from 3rd tags up, SCORES, throw made
Batting: RHB Iván Vega 0-0: Ball
1-0: SINGLE (Line Drive, 6MD)
Randy Bowen to third
Runner from 3rd tries for Home, SAFE, no throw
Batting: LHB Javier Sánchez 0-0: Foul Ball, location: 2F
0-1: Foul Ball, location: 2F
0-2: Foul Ball, location: 2F
0-2: Ball
1-2: Foul Ball, location: 2F
1-2: Foul Ball, location: 2F
1-2: Ball
2-2: Ball
3-2: Foul Ball, location: 2F
3-2: Strikes out swinging
Iván Vega is caught stealing 2nd base
Batter strikes out.
Bottom of the 8th over - 2 run(s), 2 hit(s), 0 error(s), 0 left on base; Brooklyn 7 - Rocky Mountain 14
TOP OF THE 9TH
Brooklyn Dodgers batting - Pitching for Rocky Mountain Nuggets : RHP Cipriano Costa
Batting: RHB Josh Stafford 0-0: Ball
1-0: Foul Ball, location: 2F
1-1: Ground out 6-3 (Groundball, 56)
Batting: RHB Oliver Aranda 0-0: Called Strike
0-1: Ball
1-1: Swinging Strike
1-2: Foul Ball, location: 2F
1-2: Ball
2-2: Foul Ball, location: 2F
2-2: Foul Ball, location: 2F
2-2: Fly out, F9 (Line Drive, 9)
Batting: RHB Gustavo Mateo 0-0: Called Strike
0-1: Ball
1-1: Ball
2-1: Foul Ball, location: 2F
2-2: Hit by Pitch
Batting: LHB Avon Barksdale 0-0: Ball
1-0: Ball
2-0: Ball
3-0: Called Strike
3-1: Base on Balls
Gustavo Mateo to second
Batting: LHB Ron Bascombe 0-0: Ball
1-0: Swinging Strike
1-1: Ball
2-1: Foul Ball, location: 2F
2-2: SINGLE (Groundball, 56D)
Gustavo Mateo to third
Avon Barksdale to second
Runner from 3rd tries for Home, SAFE, no throw
Batting: SHB Leonard O'Connor 0-0: Ball
1-0: Swinging Strike
1-1: Swinging Strike
1-2: Foul Ball, location: 2F
1-2: Strikes out swinging
Top of the 9th over - 1 run(s), 1 hit(s), 0 error(s), 2 left on base; Brooklyn 8 - Rocky Mountain 14
Monday, March 20th, 2017 - OOTP Baseball 17.12 Build 75